 Dungeon Crawl Stone Soup version 0.28.0-53-g5a82cb258f (webtiles) character file.

Game seed: 17249072781389191574

3069 Peloso the Carver (level 9, -4/79 HPs)
             Began as a Minotaur Fighter on July 24, 2022.
             Was a Follower of Okawaru.
             Slain by an orc knight
             ... wielding a +0 halberd
              (25 damage)
             ... in a bailey.
             The game lasted 00:16:46 (8410 turns).

Peloso the Carver (Minotaur Fighter)                Turns: 8410, Time: 00:16:46

Health: -4/79      AC: 18    Str: 28    XL:     9   Next: 58%
Magic:  8/8        EV:  9    Int:  5    God:    Okawaru [*.....]
Gold:   30         SH:  5    Dex: 13    Spells: 8/8 levels left

rFire   . . .      SeeInvis .   a - +3 falchion (vamp)
rCold   . . .      Faith    .   c - +0 buckler
rNeg    . . .      Spirit   .   p - +0 plate armour
rPois   .          Reflect  .   (helmet restricted)
rElec   .          Harm     .   (no cloak)
rCorr   .          Rampage  .   (no gloves)
Will    .....                   (no boots)
Stlth   ..........              (no amulet)
HPRegen 0.23/turn               i - +6 ring of strength
MPRegen 0.11/turn               y - +4 ring of protection

@: mighty, studying Maces & Flails
A: horns 2, retaliatory headbutt
a: Renounce Religion, Heroism


You were in a bailey.
You worshipped Okawaru.
Okawaru was aware of your devotion.
You visited 2 branches of the dungeon, and saw 8 of its levels.
You also visited: Sewer and Bailey.

You collected 276 gold pieces.
You spent 246 gold pieces at shops.

Inventory:

Hand Weapons
 a - a +3 vampiric falchion (weapon)
 b - a +1 hand axe of flaming
Armour
 c - a +0 buckler (worn)
 p - a +0 plate armour (worn)
 u - a +0 scale mail
Jewellery
 g - an amulet of magic regeneration
 i - a +6 ring of strength (left hand)
 v - an amulet of the acrobat
 y - a +4 ring of protection (right hand)
 A - a ring of poison resistance
 I - a +6 ring of dexterity
Wands
 t - a wand of digging (4)
Scrolls
 q - a scroll of amnesia
 r - a scroll of noise
 B - a scroll of immolation {unknown}
 C - 2 scrolls of acquirement
 D - a scroll of teleportation
 F - a scroll of blinking {unknown}
 G - a scroll of magic mapping
 H - a scroll of enchant armour {unknown}
 J - a scroll of fear
 K - a scroll of identify
 L - a scroll of summoning {unknown}
Potions
 d - 2 potions of might
 e - a potion of flight
 f - a potion of curing
 h - 5 potions of haste
 j - a potion of berserk rage {unknown}
 k - a potion of magic {unknown}
 l - 4 potions of attraction {unknown}
 m - 3 potions of mutation {unknown}
 n - a potion of brilliance {unknown}
 o - 2 potions of cancellation {unknown}
 s - a potion of resistance {unknown}
 w - 2 potions of lignification {unknown}
 z - a potion of invisibility {unknown}
 E - a potion of ambrosia {unknown}


   Skills:
 + Level 7.5 Fighting
 + Level 10.4 Long Blades
 + Level 9.0 Armour
 + Level 3.8 Dodging
 + Level 1.0 Stealth
 + Level 5.6 Shields
 + Level 0.6 Invocations


You had 8 spell levels left.
You didn't know any spells.
Your spell library contained the following spells:

 Spells                   Type           Power      Damage    Failure   Level
 Dazzling Flash           Conj/Hex       0%         N/A       100%        3
 Portal Projectile        Hex/Tloc       0%         N/A       100%        3
 Iskenderun's Mystic Bla  Conj/Tloc      0%         2d3       100%        4
 Leda's Liquefaction      Hex/Erth       0%         N/A       100%        4
 Starburst                Conj/Fire      0%         6d3       100%        6
 Call Canine Familiar     Summ           Unusable   N/A       N/A         3

Dungeon Overview and Level Annotations

Branches:
Dungeon (7/15)             Temple (1/1) D:6           Sewer (visited)
 Bailey (1/1)

Altars:
Ashenzari
Cheibriados
Dithmenos
Hepliaklqana
Okawaru
Ru
Sif Muna
Wu Jian
Xom
Zin

Shops:
D:3 =***!


Innate Abilities, Weirdness & Mutations

You have a pair of horns on your head.
You reflexively headbutt those who attack you in melee.


Message History

Unknown command.
You closely miss the orc knight. You headbutt the orc knight!
The orc knight is moderately wounded.
The orc hits you but does no damage.
The orc knight hits you with a +0 halberd.
You barely miss the orc knight.
You headbutt the orc knight, but do no damage.
The orc knight is moderately wounded.
The orc warrior barely misses you. The orc barely misses you.
You closely miss the orc knight.
The orc knight is moderately wounded.
The orc knight hits you with a +0 halberd!
The orc warrior closely misses you. The orc hits you with a +0 spear.
You closely miss the orc knight.
The orc knight is moderately wounded.
You block the orc knight's attack. The orc warrior barely misses you.
You furiously retaliate!
You headbutt the orc warrior. You block the orc's attack.
You closely miss the orc knight.
The orc knight is moderately wounded.
You block the orc knight's attack.
The orc warrior hits you with a +0 spear!
You slash the orc knight!
The orc knight is heavily wounded.
The orc hits you but does no damage.
You slash the orc knight!
The orc knight is heavily wounded.
The orc knight hits you with a +0 halberd.
You block the orc warrior's attack. The orc hits you but does no damage.
Unknown command.
The orc knight hits you with a +0 halberd.
The orc warrior hits you from afar with a +0 spear!
* * * LOW HITPOINT WARNING * * *
You block the orc's attack.
You see here a lightning rod (4/4).
You block the orc knight's attack.
There is an open gate here.
The orc no longer looks unusually strong.
The orc knight hits you from afar with a +0 halberd!!
You die...

.................................
.≈≈≈≈≈.................≈≈≈≈≈.....
≈≈###≈≈...............≈≈###≈≈....
≈##.##≈...............≈##.##≈....
≈#.)))))...................#≈....
≈##)∩#≈...............≈#∩.##≈....
≈≈#)##≈....#######....≈##.#≈≈....
.≈≈.≈≈≈....##....##...≈≈≈.≈≈.....
...........##...@.##.............
...........##'''#..##............
.......##..##∩}o##..#............
.......##.####o####.##...........
.......##.')#.o.#)'.##...........
.......##.###.8.###.##...........
.......##.')#}.?#)'.##...........
.......##.#########.##...........
........#..##)#)##..#............


You could see an orc knight, an orc warrior (strong) and an orc.

Vanquished Creatures
  A steam dragon (D:6)
  Menkaure (D:5)
  A water moccasin (D:6)
  9 orc warriors (Bailey)
  2 sky beasts (D:6)
  2 ogres (D:6)
  A phantom (D:4)
  5 kobold brigands (Sewer)
  4 scorpions
  A water moccasin zombie (D:5)
  A howler monkey (D:4)
  A centaur zombie (D:6)
  2 hounds (D:5)
  3 jellies
  A gnoll shaman (D:5)
  A centaur skeleton (D:5)
  2 bullfrog skeletons
  A scorpion zombie (D:5)
  Ijyb (D:5)
  Robin (D:3)
  A howler monkey zombie (D:6)
  4 gnolls (D:5)
  8 adders
  An ufetubus (D:6)
  2 adder skeletons (D:2)
  6 dart slugs
  18 orcs
  7 endoplasms
  7 giant cockroaches
  15 goblins
  9 hobgoblins
  4 iguanas
  3 jackals (D:1)
  2 quokkas
  13 ball pythons
  8 bats
  3 frilled lizards
  17 kobolds
  8 rats
177 creatures vanquished.

Notes
Turn   | Place    | Note
-------+----------+-------------------------------------------
     0 | D:1      | Peloso the Minotaur Fighter began the quest for the Orb.
     0 | D:1      | Reached XP level 1. HP: 19/19 MP: 0/0
   236 | D:1      | Reached XP level 2. HP: 23/27 MP: 1/1
  1167 | D:2      | Reached skill level 3 in Long Blades
  1167 | D:2      | Reached XP level 3. HP: 31/33 MP: 2/2
  1400 | D:2      | Reached XP level 4. HP: 41/41 MP: 3/3
  1771 | D:3      | Found Edoqa's Assorted Antiques.
  1798 | D:3      | Found Ulecsas's General Store.
  1812 | D:3      | Reached skill level 4 in Long Blades
  1876 | D:3      | Found a glowing drain.
  1881 | D:3      | Found Kahysaus's Distillery.
  1890 | Sewer    | Entered a sewer
  1946 | Sewer    | Noticed a kobold brigand
  1946 | Sewer    | Noticed a kobold brigand
  1956 | Sewer    | Killed a kobold brigand
  1957 | Sewer    | Reached skill level 5 in Long Blades
  1957 | Sewer    | Reached XP level 5. HP: 36/47 MP: 4/4
  1964 | Sewer    | Reached skill level 1 in Dodging
  2270 | Sewer    | Reached skill level 5 in Armour
  2270 | Sewer    | Reached XP level 6. HP: 11/55 MP: 5/5
  2273 | Sewer    | HP: 2/55 [kobold brigand/+0 short sword (9)]
  2277 | Sewer    | Reached skill level 6 in Long Blades
  2588 | Sewer    | Reached skill level 5 in Fighting
  2753 | D:3      | Found Rudwatra's General Store.
  3006 | D:3      | Bought a potion of degeneration for 12 gold pieces
  3023 | D:3      | Bought a scroll labelled LOUTWU GIALUU for 24 gold pieces
  3023 | D:3      | Bought a scroll labelled GAEDAZ SOLOA for 24 gold pieces
  3023 | D:3      | Bought a cyan potion for 21 gold pieces
  3023 | D:3      | Bought a yellow potion for 21 gold pieces
  3109 | D:3      | Found a shimmering altar of Xom.
  3129 | D:3      | Found Wyvis's Jewellery Shoppe.
  3204 | D:3      | Reached XP level 7. HP: 18/61 MP: 6/6
  3513 | D:3      | Noticed Robin
  3525 | D:3      | Killed Robin
  3778 | D:4      | Identified the +5 mace of Deformation {spect, Str+3}
  3809 | D:4      | Reached skill level 7 in Long Blades
  4440 | D:5      | Entered Level 5 of the Dungeon
  4796 | D:5      | Noticed Ijyb
  4800 | D:5      | Killed Ijyb
  4833 | D:5      | Reached XP level 8. HP: 70/70 MP: 7/7
  4848 | D:5      | Reached skill level 8 in Long Blades
  5330 | D:5      | Noticed Menkaure
  5337 | D:5      | Killed Menkaure
  5598 | D:5      | Identified the +2 robe "Tiuwn" {rN+ Slay+2}
  5962 | D:6      | Found a staircase to the Ecumenical Temple.
  5971 | Temple   | Entered the Ecumenical Temple
  6050 | Temple   | Became a worshipper of Warmaster Okawaru
  6123 | D:6      | Reached skill level 9 in Long Blades
  6217 | D:6      | Reached skill level 5 in Shields
  6555 | D:6      | Reached XP level 9. HP: 77/78 MP: 8/8
  6558 | D:6      | Reached * piety under Okawaru
  7124 | D:3      | Bought a glowing falchion for 144 gold pieces
  7219 | D:7      | Identified 2 scrolls of acquirement
  7246 | D:7      | Found a flagged portal.
  7262 | Bailey   | Entered a bailey
  7967 | Bailey   | Reached skill level 10 in Long Blades
  7967 | Bailey   | Reached skill level 1 in Stealth
  8392 | Bailey   | Noticed an orc knight
  8410 | Bailey   | Slain by an orc knight

Illustrated notes

Levels and vault maps discovered:
D:1:      dpeg_arrival_erosion, layout_loops_ring, grunt_decor_junction
D:2:      kennysheep_six_static_rooms, layout_rooms, minmay_surrounded
D:3:      layout_basic, dk_xom_monty_hall, cheibrodos_sewer_entry_drain,
          serial_shops, shop, nicolae_shop_statue_plus, nicolae_shop_waterfront,
          shop, nicolae_lakefront_shop, uniq_robin
D:4:      minmay_diamond_boxcup, layout_cave_pools
D:5:      layout_loops_corners, uniq_ijyb, uniq_menkaure
D:6:      layout_cave_pools, minmay_temple_entry_waves
D:7:      layout_basic, enter_bailey_3, eino_tiny_chamber
Temple:   dpeg_five_rooms_temple
Bailey:   bailey_polearm_2, bailey

Skill      XL: |  1  2  3  4  5  6  7  8  9 |
---------------+----------------------------+-----
Armour         | 4 5 6 8 9 |  9.0
Fighting       | 4 5 6 7 |  7.5
Long Blades    | 3 5 6 7 9 10 | 10.4
Shields        | 4 5 |  5.6
Dodging        | 1 2 3 |  3.8
Stealth        | 1 |  1.0
Invocations    | |  0.6

Action                   |  1- 3 |  4- 6 |  7- 9 || total
-------------------------+-------+-------+-------++-------
Melee: Long sword        |    77 |   112 |   173 ||   362
       Headbutt          |     9 |    13 |    60 ||    82
       Falchion          |       |       |    99 ||    99
Invok: Heroism           |       |       |     8 ||     8
  Use: Scroll            |       |     3 |     7 ||    10
       Potion            |       |       |     2 ||     2
Armor: Scale mail        |    41 |    69 |    70 ||   180
       Plate armour      |       |       |    21 ||    21
Dodge: Dodged            |    39 |    55 |   146 ||   240
Block: Buckler           |    13 |    36 |    62 ||   111
